 Dungeon Crawl Stone Soup version 0.29-a0-1043-g569b05d6ff (webtiles) character file.

Game seed: 9689476096367156269

9 gelatine the Firebug (level 2, -5/19 HPs)
             Began as a Demonspawn Fire Elementalist on Aug 15, 2022.
             Slain by a gnoll
             ... wielding a +0 flail
              (7 damage)
             ... on level 1 of the Dungeon.
             The game lasted 00:01:19 (362 turns).

gelatine the Firebug (Demonspawn Fire Elementalist)  Turns: 362, Time: 00:01:19

Health: -5/19      AC:  6    Str:  8    XL:     2   Next: 6%
Magic:  0/5        EV:  9    Int: 16    God:
Gold:   12         SH:  0    Dex: 13    Spells: 4/5 levels left

rFire   . . .      SeeInvis .   e - +0 whip
rCold   . . .      Faith    .   (no shield)
rNeg    . . .      Spirit   .   a - +0 robe
rPois   .          Reflect  .   (no helmet)
rElec   .          Harm     .   (no cloak)
rCorr   .          Rampage  .   (no gloves)
Will    .....                   (no boots)
Stlth   ++........              (no amulet)
HPRegen 0.06/turn               f - +4 ring of protection
MPRegen 0.09/turn               (no ring)

@: constricted
A: ignite blood 1
a: no special abilities


You were on level 1 of the Dungeon.
You visited 1 branch of the dungeon, and saw 1 of its levels.

You collected 12 gold pieces.

Inventory:

Hand Weapons
 e - a +0 whip (weapon)
Armour
 a - a +0 robe (worn)
Jewellery
 f - a +4 ring of protection (left hand)
Scrolls
 c - a scroll of blinking {unknown}
Potions
 b - a potion of magic
 d - a potion of curing {unknown}


   Skills:
 + Level 1.8 Dodging
 + Level 1.7 Stealth
 + Level 2.0 Spellcasting
 + Level 1.0 Conjurations
 + Level 3.2 Fire Magic


You had 4 spell levels left.
You knew the following spells:

 Your Spells              Type           Power      Damage    Failure   Level
a - Foxfire               Conj/Fire      32%        2x1d5     9%          1

Your spell library contained the following spells:

 Spells                   Type           Power      Damage    Failure   Level
 Scorch                   Fire           22%        2d6       9%          2
 Conjure Flame            Conj/Fire      8%         6-21      26%         3
 Inner Flame              Hex/Fire       6%         N/A       32%         3
 Flame Wave               Conj/Fire      8%         2d5       65%         4


Dungeon Overview and Level Annotations

Branches:
Dungeon (1/15)

Altars:


Innate Abilities, Weirdness & Mutations

Your demonic aura sometimes causes spilled blood to erupt in flames.


Message History

The ball python completely misses you. The ball python constricts you.
The gnoll barely misses you. The ball python barely misses you.
The ball python constricts you.
You hit the gnoll but do no damage.
The gnoll is heavily wounded.
The gnoll misses you.
The ball python bites you but does no damage.
The ball python constricts you.
You hit the gnoll.
The gnoll is heavily wounded.
The ball python barely misses you. The ball python constricts you.
The gnoll hits you but does no damage.
You hit the gnoll.
The gnoll is heavily wounded.
The ball python closely misses you. The ball python constricts you.
The gnoll hits you with a +0 flail. The ball python closely misses you.
The ball python constricts you.
You hit the gnoll.
The gnoll is severely wounded.
The gnoll hits you with a +0 flail.
* * * LOW HITPOINT WARNING * * *
The ball python barely misses you. The ball python constricts you.
You barely miss the gnoll.
The gnoll is severely wounded.
The gnoll barely misses you. The ball python misses you.
The ball python constricts you. The gnoll hits you with a +0 flail.
* * * LOW HITPOINT WARNING * * *
Casting: Foxfire (safe; 9% risk of failure)
Confirm with . or Enter, or press ? or * to list all spells.
You conjure some foxfire!
The ball python barely misses you. The ball python constricts you.
The gnoll barely misses you.
You hit the gnoll.
The gnoll is severely wounded.
The foxfire hits the gnoll but does no damage.
The gnoll is severely wounded.
The foxfire hits the gnoll.
The gnoll is almost dead.
The ball python bites you but does no damage.
The ball python constricts you. The gnoll hits you with a +0 flail!
You die...

# ..### ########.
...... #....S..$
......##.########
......'......>...
...$.S#......##.
..### #.g@S#.#
##.#.#.# #.#.#.#
#.#.#.### #.#.....#
#.#...#.# ###
#.#####.####..#
#.............#.#
#######.......#.#.#


You could see a gnoll and a ball python.

Vanquished Creatures
  2 ball pythons (D:1)
  3 jackals (D:1)
  A quokka (D:1)
  2 frilled lizards (D:1)
  A kobold (D:1)
9 creatures vanquished.

Vanquished Creatures (others)
  26 foxfires (D:1)
26 creatures vanquished.

Grand Total: 35 creatures vanquished

Notes
Turn   | Place    | Note
-------+----------+-------------------------------------------
     0 | D:1      | gelatine the Demonspawn Fire Elementalist began the quest
                  | for the Orb.
     0 | D:1      | Reached XP level 1. HP: 13/13 MP: 3/3
   240 | D:1      | Reached skill level 3 in Fire Magic
   286 | D:1      | Gained mutation: Your demonic aura sometimes causes spilled
                  | blood to erupt in flames. [demonic ancestry]
   286 | D:1      | Reached XP level 2. HP: 19/19 MP: 0/5
   362 | D:1      | Slain by a gnoll

Illustrated notes

Levels and vault maps discovered:
D:1:      elethiomel_arrival_shortcut, layout_basic

Skill      XL: |  1 |
---------------+----+-----
Fire Magic     | 3 |  3.2
Dodging        | |  1.8
Stealth        | |  1.7
Spellcasting   | |  2.0
Conjurations   | |  1.0

Action                   || total
-------------------------++-------
Melee: Unarmed           ||     7
       Whip              ||    11
 Cast: Foxfire           ||    15
Armor: Robe              ||     7
Dodge: Dodged            ||    31

Table legend: (Time is in decaauts)
 A = Elapsed time spent in this place.
 B = Non-inter-level travel time spent in this place.
 C = Inter-level travel time spent in this place.
 D = Time resting spent in this place.
 E = Time spent auto-exploring this place.
 F = Levels seen in this place.
 G = Mean time per level.
                   A        B        C        D        E       F      G
               +--------+--------+--------+--------+--------+-----+--------+
         Total |    362 |    362 |      0 |    157 |    130 |   1 |  362.0 |
       Dungeon |    362 |    362 |      0 |    157 |    130 |   1 |  362.0 |
               +--------+--------+--------+--------+--------+-----+--------+

Top non-repeatable levels by time:
     D:1: 362 daAuts
